 Dungeon Crawl Stone Soup version 0.29-a0-541-gaf1fc19f1b (webtiles) character file.

Game seed: 15157306593181695713

169 Nedwor the Twirler (level 5, -4/33 HPs)
             Began as a Gargoyle Gladiator on June 2, 2022.
             Killed by divine providence
             ... invoked by an orc priest
              (11 damage)
             ... on level 4 of the Dungeon.
             The game lasted 00:03:38 (2678 turns).

Nedwor the Twirler (Gargoyle Gladiator)             Turns: 2678, Time: 00:03:38

Health: -4/33      AC: 14    Str: 19    XL:     5   Next: 50%
Magic:  5/5        EV:  7    Int:  9    God:
Gold:   177        SH:  0    Dex: 11    Spells: 4/4 levels left

rFire   . . .      SeeInvis .   a - +0 quarterstaff
rCold   . . .      Faith    .   (shield currently unavailable)
rNeg    + . .      Spirit   .   w - +0 chain mail
rPois   ∞          Reflect  .   c - +0 helmet
rElec   +          Harm     .   (no cloak)
rCorr   .          Rampage  .   (no gloves)
Will    +....                   g - +0 pair of boots
Stlth   ..........              (no amulet)
HPRegen 0.11/turn               f - ring of willpower
MPRegen 0.09/turn               u - +4 ring of slaying

@: no status effects
A: sickness immunity, AC +4, negative energy resistance 1, electricity
resistance, torment resistance 1, petrification resistance
a: no special abilities


You were on level 4 of the Dungeon.
You visited 1 branch of the dungeon, and saw 4 of its levels.

You collected 177 gold pieces.

Inventory:

Hand Weapons
 a - a +0 quarterstaff (weapon)
Missiles
 d - 3 throwing nets (quivered)
 e - a javelin
Armour
 c - a +0 helmet (worn)
 g - a +0 pair of boots (worn)
 w - a +0 chain mail (worn)
Jewellery
 f - a ring of willpower (left hand)
 p - a ring of protection from fire
 r - a +6 ring of intelligence
 u - a +4 ring of slaying (right hand)
 x - a ring of flight
Scrolls
 b - a scroll of amnesia {unknown}
 h - 3 scrolls of enchant weapon {unknown}
 j - 2 scrolls of blinking {unknown}
 l - a scroll of magic mapping {unknown}
 n - a scroll of torment {unknown}
 o - 2 scrolls of enchant armour {unknown}
 v - 3 scrolls of identify {unknown}
 y - a scroll of teleportation {unknown}
Potions
 i - 2 potions of curing {unknown}
 k - a potion of heal wounds {unknown}
 m - a potion of attraction {unknown}
 q - a potion of brilliance {unknown}
 s - a potion of haste {unknown}
 t - a potion of lignification {unknown}


   Skills:
 + Level 3.8 Fighting
 * Level 5.2 Staves
 - Level 1.7 Throwing
 - Level 2.4 Dodging


You had 4 spell levels left.
You didn't know any spells.
Your spell library contained the following spells:

 Spells                   Type           Power      Damage    Failure   Level
 Apportation              Tloc           0%         N/A       99%         1
 Necrotize                Necr           0%         1d4       99%         1
 Summon Small Mammal      Summ           0%         N/A       99%         1


Dungeon Overview and Level Annotations

Branches:
Dungeon (4/15)
 Temple: D:4-7

Altars:
Qazlal
Yredelemnul

Shops:
D:4 *


Innate Abilities, Weirdness & Mutations

You are immune to sickness and miasma.
Your stone body is resilient. (AC +4)
You are immune to poison.
You resist negative energy. (rN+)
You are resistant to electric shocks. (rElec)
You are resistant to unholy torment.
You are immune to petrification.


Message History

The iguana hisses angrily.
Items here: ( )) [ †.
An iguana is nearby!
An iguana is nearby!
You see here 16 stones.
You barely miss the iguana.
The iguana bites you but does no damage.
You hit the iguana.
The iguana is lightly wounded.
The iguana closely misses you.
You sock the iguana!
The iguana is almost dead.
An orc priest comes into view. It is wielding a +0 flail.
The iguana bites you!
The orc priest shouts!
You hit the iguana but do no damage.
The iguana is almost dead.
You hear a shout!
The iguana bites you.
You are too injured to fight recklessly!
You are too injured to fight recklessly!
You are too injured to fight recklessly!
You hit the iguana but do no damage.
The iguana is almost dead.
The iguana bites you but does no damage.
An orc comes into view. It is wielding a +0 club.
You hit the iguana but do no damage.
The iguana is almost dead.
The iguana completely misses you.
The orc priest looks braver for a moment.
You hit the iguana.
You kill the iguana!
Items here: ( )) [ †.
Found 9 gold pieces.
The orc priest mumbles some strange prayers to Beogh against you.
Pain shoots through your body!
* * * LOW HITPOINT WARNING * * *
The orc priest invokes the aid of Beogh against you.
Beogh smites you!
You die...

.#........oo..)
..?......!.....
#............
#...<†# . #####o# $#
#)##.# # #....#
....###.o##########.
............@.......
....#..#############
#.#.... #...#..
#.....# #..?..
#..### .#


You could see an orc priest.

Vanquished Creatures
  An orc priest (D:3)
  An iguana (D:4)
  3 gnolls (D:3)
  An adder (D:3)
  A worm (D:3)
  A dart slug (D:1)
  6 orcs
  5 ball pythons
  5 endoplasms
  A giant cockroach (D:3)
  8 goblins
  8 hobgoblins
  4 jackals (D:2)
  4 quokkas
  5 bats
  4 kobolds
  2 rats
60 creatures vanquished.

Notes
Turn   | Place    | Note
-------+----------+-------------------------------------------
     0 | D:1      | Nedwor the Gargoyle Gladiator began the quest for the Orb.
     0 | D:1      | Reached XP level 1. HP: 12/12 MP: 1/1
    43 | D:1      | Found a faded altar of an unknown god.
   177 | D:1      | Reached XP level 2. HP: 16/18 MP: 2/2
   958 | D:2      | Reached XP level 3. HP: 22/22 MP: 3/3
  1119 | D:2      | Found a basalt altar of Yredelemnul.
  1457 | D:3      | Reached skill level 4 in Staves
  1468 | D:3      | Reached XP level 4. HP: 19/28 MP: 4/4
  1881 | D:3      | Found a stormy altar of Qazlal.
  2131 | D:3      | Reached XP level 5. HP: 8/33 MP: 5/5
  2463 | D:3      | Reached skill level 5 in Staves
  2626 | D:4      | Found Tyofugg's Assorted Antiques.
  2678 | D:4      | Killed from afar by an orc priest

Illustrated notes

Levels and vault maps discovered:
D:1:      zaba_arrival_water, layout_basic, hellmonk_ecumenical_altar_blasted,
          st_stairs_12
D:2:      layout_loops_ring, basic_altar
D:3:      kennysheep_the_goblin_king, layout_loops_cross,
          nicolae_qazlal_general_emergency, item_on_display_a
D:4:      layout_rooms, serial_shops, nicolae_shop_hallway_stairs,
          serial_rivers, chequers_serial_rivers_small_3,
          chequers_serial_rivers_small_3, chequers_serial_rivers_small_b,
          chequers_serial_rivers_room_a, uniq_natasha

Skill      XL: |  1  2  3  4  5 |
---------------+----------------+-----
Staves         | 4 5 |  5.2
Fighting       | 3 |  3.8
Throwing       | |  1.7
Dodging        | |  2.4

Action                   |  1- 3 |  4- 6 || total
-------------------------+-------+-------++-------
Melee: Quarterstaff      |    78 |    69 ||   147
Armor: Leather armour    |    15 |       ||    15
       Chain mail        |    20 |    55 ||    75
Dodge: Dodged            |    62 |    24 ||    86

Table legend: (Time is in decaauts)
 A = Elapsed time spent in this place.
 B = Non-inter-level travel time spent in this place.
 C = Inter-level travel time spent in this place.
 D = Time resting spent in this place.
 E = Time spent auto-exploring this place.
 F = Levels seen in this place.
 G = Mean time per level.
                   A        B        C        D        E       F      G
               +--------+--------+--------+--------+--------+-----+--------+
         Total |   2696 |   2591 |    105 |    224 |   1981 |   4 |  674.0 |
       Dungeon |   2696 |   2591 |    105 |    224 |   1981 |   4 |  674.0 |
               +--------+--------+--------+--------+--------+-----+--------+

Top non-repeatable levels by time:
     D:3: 1206 daAuts
     D:1: 863 daAuts
     D:2: 573 daAuts
     D:4: 52 daAuts
